 Dungeon Crawl Stone Soup version 0.31-a0-803-g95b03c3367 (webtiles) character file.

Game seed: 8943040968257246225

3084 arthad the Trooper (level 9, -6/120 (126) HPs)
             Began as an Armataur Fighter on Sept 20, 2023.
             Was a Follower of Okawaru.
             Mangled by a wight
             ... wielding a +0 dire flail
              (7 damage)
             ... on level 6 of the Dungeon.
             The game lasted 00:10:32 (6693 turns).

arthad the Trooper (Armataur Fighter)               Turns: 6693, Time: 00:10:32

HP:   -6/120 (126)  AC:  9    Str: 25    XL:     9   Next: 58%
MP:   9/9           EV:  7    Int:  8    God:    Okawaru [*.....]
Gold: 336           SH: 10    Dex: 11    Spells: 8/8 levels left

rFire   . . .        g - +5 hand axe
rCold   . . .        c - +0 buckler
rNeg    . . .        b - +0 scale mail
rPois   .            h - +0 helmet
rElec   .            (no cloak)
rCorr   .            (no gloves)
SInv    .            (no barding)
Will    .....        H - amulet of reflection Stlth
                     G - +4 ring of slaying
HPRegen 0.40/turn    (no ring)
MPRegen 0.11/turn

%: reflection, roll
@: berserking, lightly drained, very quick
A: large, rugged brown scales 3, deformed body, armoured tail, roll, long
tongue, awkward tongue
a: Renounce Religion, Heroism


You were on level 6 of the Dungeon.
You worshipped Okawaru.
Okawaru was aware of your devotion.
You visited 2 branches of the dungeon, and saw 7 of its levels.
You also visited: Sewer and Ossuary.

You collected 336 gold pieces.

Inventory:

Hand Weapons
 a - a +0 flail
 g - a +5 hand axe (weapon)
 l - a +1 antimagic whip
 o - a +5 club
 D - a +0 morningstar
Missiles
 i - 2 boomerangs
 q - 6 poisoned darts
 t - 3 javelins (quivered)
 B - 2 datura-tipped darts
 C - 6 silver javelins
Armour
 b - a +0 scale mail (worn)
 c - a +0 buckler (worn)
 h - a +0 helmet (worn)
Jewellery
 r - an amulet of magic regeneration
 G - a +4 ring of slaying (left hand)
 H - an amulet of reflection (around neck)
Wands
 e - a wand of flame (7)
 y - a wand of charming (6)
 F - a wand of acid (9)
Scrolls
 f - a scroll of fog
 j - 2 scrolls of torment
 n - 4 scrolls of teleportation
 s - 2 scrolls of blinking
 v - a scroll of acquirement {unknown}
 w - a scroll of butterflies {unknown}
 x - a scroll of fear
 E - a scroll of enchant armour {unknown}
Potions
 d - a potion of degeneration {unknown}
 k - 3 potions of attraction
 m - a potion of brilliance {unknown}
 p - a potion of haste {unknown}
 u - a potion of mutation {unknown}
 A - 2 potions of lignification {unknown}
 I - a potion of cancellation {unknown}


   Skills:
 * Level 7.3 Fighting
 * Level 7.0 Maces & Flails
 + Level 3.3 Throwing
 + Level 7.3 Armour
 + Level 6.5 Shields


You had 8 spell levels left.
You didn't know any spells.
Your spell library contained the following spells:

 Spells                   Type           Power      Damage    Failure   Level
 Magic Dart               Conj           0%         1d3       73%         1
 Frozen Ramparts          Ice            0%         1d1       97%         3
 Gell's Gravitas          Tloc           0%         N/A       97%         3
 Mephitic Cloud           Conj/Pois/Air  0%         N/A       97%         3
 Teleport Other           Tloc           0%         N/A       97%         3
 Brom's Barrelling Bould  Conj/Erth      0%         2d3       100%        4
 Petrify                  Tmut/Erth      0%         N/A       100%        4
 Fireball                 Conj/Fire      0%         3d3       100%        5
 Iskenderun's Battlesphe  Conj           0%         2d6       100%        5
 Metabolic Englaciation   Hex/Ice        0%         N/A       100%        5
 Conjure Ball Lightning   Conj/Air       0%         3x3d6     100%        6
 Dispersal                Tloc           0%         N/A       100%        6
 Orb of Destruction       Conj           0%         9d5       100%        7
 Call Imp                 Summ           Unusable   N/A       N/A         2

Dungeon Overview and Level Annotations

Branches:
Dungeon (6/15)             Temple (1/1) D:5           Sewer (visited)
Ossuary (visited)

Altars:
Cheibriados
Elyvilon
Fedhas
Gozag
Hepliaklqana
Kikubaaqudgha
Nemelex Xobeh
Okawaru
Qazlal
Ru
Trog
Xom
Yredelemnul
Zin
The Shining One
Lugonu


Innate Abilities, Weirdness & Mutations

You are completely covered in rugged brown scales. (AC +3, +7% HP)
Armour fits poorly on your strangely shaped body.
You have a long armoured tail.
You roll when moving toward enemies. (Rampage)
Your long tongue fully drains potion bottles. (2x potion effects)
Your tongue gives you trouble enunciating. (1.5x scroll delay)


Message History

The wight freezes you. You block the wight's attack.
The wight hits you but does no damage.
You hit the wight but do no damage.
The wight is heavily damaged.
You slash the wight! You block the wight's attack.
The wight hits you but does no damage.
You hit the wight.
The wight is severely damaged.
You hit the wight. You hit the wight but do no damage.
The wight hits you with a +0 dire flail.
You block the wight's attack.
The wight hits you with a +4 short sword of freezing.
The wight freezes you.
You hit the wight.
The wight is almost destroyed.
You hit the wight. You closely miss the wight.
The wight hits you with a +3 flail! You block the wight's attack.
Okay, then.
You fail to use your ability.
The wight hits you but does no damage. The wight hits you with a +3 flail!
* * * LOW HITPOINT WARNING * * *
You feel drained.
* * * LOW HITPOINT WARNING * * *
You block the wight's attack.
A red film seems to cover your vision as you go berserk!
You feel yourself moving faster!
You feel mighty!
You slurp down every last drop of the potion of berserk rage!
The wight hits you with a +2 battleaxe of freezing!
* * * LOW HITPOINT WARNING * * *
The wight freezes you.
* * * LOW HITPOINT WARNING * * *
The wight closely misses you. You block the wight's attack.
The wight closely misses you.
You slash the wight!
You destroy the wight!
Okawaru accepts your kill.
You slash the wight! x2; You completely miss the wight.
You block the wight's attack. x2
The wight hits you with a +0 dire flail!
You die...

#....#...##..######.
#.<..#..............
#....#...##.........
#....######.........
#....+ #######..# #....#
#..####..#
#....######.........
#..).#...##...)...).
#..@z#..............
#.z)z#..............
.......#..............
...!.....#...##..####..#
.........#...##..####..#
.........#...#..........
#######....#...#..........
#.....#..[.#...##..#######
#.....######...##'####...#


You could see 3 wights.

Vanquished Creatures
  Sigmund (D:5)
  A water moccasin (Sewer)
  3 ice beasts
  3 centaurs (D:6)
  A phantom (D:5)
  4 elf zombies (Ossuary)
  5 necrophages (D:5)
  3 scorpions
  A wyvern zombie (D:5)
  3 bullfrogs (D:6)
  A water moccasin zombie (D:5)
  6 wights
  4 human zombies
  6 centaur zombies
  An orc priest (D:5)
  An iguana (D:6)
  An iron imp (D:3)
  A sleepcap (D:6)
  Ijyb (D:3)
  2 orc wizards (D:5)
  A hound zombie (D:5)
  4 mummies
  10 adders
  3 gnolls (D:4)
  A white imp (D:5)
  An ufetubus (D:4)
  4 worms
  18 orcs
  5 ball pythons
  7 bats
  3 endoplasms
  5 giant cockroaches
  6 goblins
  9 hobgoblins
  2 quokkas
  A frilled lizard (D:3)
  5 kobolds
  3 rats (D:1)
137 creatures vanquished.

Vanquished Creatures (others)
  Eustachio (D:5)
1 creature vanquished.

Grand Total: 138 creatures vanquished

Notes
Turn   | Place    | Note
-------+----------+-------------------------------------------
     0 | D:1      | arthad the Armataur Fighter began the quest for the Orb.
     0 | D:1      | Reached XP level 1. HP: 19/19 MP: 1/1
   144 | D:1      | Reached XP level 2. HP: 22/26 MP: 2/2
   599 | D:2      | Reached XP level 3. HP: 18/33 MP: 3/3
   929 | D:2      | Found a faded altar of an unknown god.
  1372 | D:3      | Noticed a scorpion
  1381 | D:3      | Killed a scorpion
  1382 | D:3      | Reached XP level 4. HP: 41/41 MP: 4/4
  1405 | D:3      | Found a hazy altar of Hepliaklqana.
  1407 | D:3      | Found a shimmering altar of Xom.
  1408 | D:3      | Noticed a spectral ugly thing
  1713 | D:3      | Reached XP level 5. HP: 49/49 MP: 5/5
  1769 | D:3      | Found a snail-covered altar of Cheibriados.
  1832 | D:3      | Noticed Ijyb
  1851 | D:3      | Killed Ijyb
  2508 | D:4      | Reached XP level 6. HP: 39/55 MP: 6/6
  2524 | D:4      | Found a sand-covered staircase.
  2532 | Ossuary  | Entered an ossuary
  2809 | Ossuary  | Reached skill level 5 in Armour
  2828 | Ossuary  | Reached XP level 7. HP: 46/64 MP: 7/7
  2970 | Ossuary  | Reached skill level 5 in Fighting
  3058 | Ossuary  | Reached skill level 5 in Shields
  3359 | D:4      | Found a blossoming altar of Fedhas.
  3617 | D:5      | Entered Level 5 of the Dungeon
  3631 | D:5      | Found a staircase to the Ecumenical Temple.
  3656 | D:5      | Reached skill level 5 in Maces & Flails
  3663 | Temple   | Entered the Ecumenical Temple
  3683 | Temple   | Became a worshipper of Warmaster Okawaru
  3915 | D:5      | Found a glowing drain.
  3930 | D:5      | Reached XP level 8. HP: 72/73 MP: 8/8
  3941 | Sewer    | Entered a sewer
  3984 | Sewer    | Reached skill level 1 in Throwing
  4329 | D:5      | Found a sacrificial altar of Ru.
  4529 | D:5      | Noticed Sigmund
  4531 | D:5      | Noticed Eustachio
  4543 | D:5      | Killed Sigmund
  4575 | D:5      | Killed Eustachio
  5228 | D:5      | Reached XP level 9. HP: 20/77 MP: 9/9
  5407 | D:5      | Found a basalt altar of Yredelemnul.
  5491 | D:5      | Reached * piety under Okawaru
  6692 | D:6      | HP: 1/120 [wight/+2 battleaxe of freezing (6)]
  6693 | D:6      | Mangled by a wight

Illustrated notes

Levels and vault maps discovered:
D:1:      saegor_arrival_miasma, layout_rooms, minmay_unequal
D:2:      layout_loops_cross, shapermc_ecumenical_altar_totnotflames,
          minivault_11
D:3:      layout_loops_corners, regret_index_temple_of_mockery,
          chei_slow_surprise, uniq_ijyb
D:4:      layout_rooms, mainiacjoe_overflow_chevrons,
          lightli_ossuary_entry_decrepit_ruins
D:5:      layout_cave_pools, lemuel_mausoleum_altar_yredelemnul,
          nicolae_ru_the_path_less_chosen,
          minmay_temple_entry_statues_fountains, gup_sewer_entry_glass,
          uniq_sigmund, uniq_eustachio
D:6:      layout_gridville
Temple:   kb_corrupted_temple

Skill      XL: |  1  2  3  4  5  6  7  8  9 |
---------------+----------------------------+-----
Maces & Flails | 2 3 4 5 6 7 |  7.0
Fighting       | 3 4 5 6 7 |  7.3
Armour         | 4 5 6 7 |  7.3
Shields        | 4 5 6 |  6.5
Throwing       | 2 3 |  3.3

Action                     |  1- 3 |  4- 6 |  7- 9 || total
---------------------------+-------+-------+-------++-------
  Melee: Flail             |   128 |    37 |       ||   165
         Tailslap          |     7 |    25 |    63 ||    95
         Club              |       |   123 |   395 ||   518
         Hand axe          |       |       |    39 ||    39
  Throw: Dart              |       |       |    13 ||    13
         Javelin           |       |       |     2 ||     2
  Evoke: Wand              |       |     3 |       ||     3
    Use: Potion            |     1 |     2 |     5 ||     8
         Scroll            |       |     6 |     3 ||     9
 Armour: Scale mail        |    96 |   145 |   364 ||   605
  Dodge: Dodged            |    49 |    58 |   145 ||   252
  Block: Buckler           |    22 |    27 |   103 ||   152

Table legend: (Time is in decaauts)
 A = Elapsed time spent in this place.
 B = Non-inter-level travel time spent in this place.
 C = Inter-level travel time spent in this place.
 D = Time resting spent in this place.
 E = Time spent auto-exploring this place.
 F = Levels seen in this place.
 G = Mean time per level.
                   A        B        C        D        E       F      G
               +--------+--------+--------+--------+--------+-----+--------+
         Total |   6787 |   6566 |    221 |    336 |   4861 |   9 |  754.1 |
       Dungeon |   6031 |   5844 |    187 |    336 |   4376 |   6 | 1005.2 |
        Temple |     40 |      6 |     34 |      0 |      0 |   1 |   40.0 |
         Sewer |    135 |    135 |      0 |      0 |     97 |   1 |  135.0 |
       Ossuary |    580 |    580 |      0 |      0 |    388 |   1 |  580.0 |
               +--------+--------+--------+--------+--------+-----+--------+

Top non-repeatable levels by time:
     D:5: 1819 daAuts
     D:6: 1097 daAuts
     D:3: 1074 daAuts
     D:2: 880 daAuts
     D:4: 662 daAuts
 Ossuary: 580 daAuts
     D:1: 498 daAuts
   Sewer: 135 daAuts
  Temple: 40 daAuts
